Tucson Roadrunners vs Newfoundland Shamrocks
Created - Wednesday, September 13, 2023 at 07:13
Goals
|
| Tucson Roadrunners |
0 |
1 |
0 |
1 |
| Newfoundland Shamrocks |
1 |
1 |
1 |
3 |
|
Shots
|
| Tucson Roadrunners |
4 |
8 |
31 |
43 |
| Newfoundland Shamrocks |
8 |
8 |
11 |
27 |
|
1st period
1. Newfoundland Shamrocks , Josh Archibald 4 (Peter Abbandonato 6, Jon Merrill 1) at 17:42
Penalties :
Samuel Poulin (NFS) for Holding (Minor) at 2:42, Nicolas Deslauriers (NFS) for Interference (Minor) at 12:56
2nd period
2. Tucson Roadrunners , Mikhail Maltsev 1 (Anthony Richard 2, Matthew Highmore 3) at 7:44
3. Newfoundland Shamrocks , Alex Chiasson 12 (Alex Galchenyuk 4) at 11:25
Penalties :
Peter Abbandonato (NFS) for Fighting (Major) at 1:24, Carson Soucy (TRR) for Fighting (Major) at 1:24, Robert Hagg (TRR) for Roughing (Minor) at 3:31, Nicolas Deslauriers (NFS) for Fighting (Major) at 8:40, Alex Belzile (TRR) for Fighting (Major) at 8:40, Nicolas Deslauriers (NFS) for instigated a fight (Minor) at 8:40, Nicolas Deslauriers (NFS) for instigated a fight (10 Minutes Misconduct) at 8:40
3rd period
4. Newfoundland Shamrocks , Raphael Lavoie 6 (Alex Chiasson 6, Maxime Comtois 7) at 1:37 (PP)
Penalties :
Matthew Highmore (TRR) for Hooking (Minor) at 1:11, Robert Bortuzzo (NFS) for Holding (Minor) at 4:04, Tanner Laczynski (NFS) for Roughing (Minor) at 12:34, Jon Merrill (NFS) for Holding (Minor) at 12:53, Jon Merrill (NFS) for Fighting (Major) at 16:27, Simon Benoit (TRR) for Fighting (Major) at 16:27
Goalie Stats
Jaroslav Halak (TRR), 8 saves from 8 shots - (1.000), 18:23 minutes
Elvis Merzlikins (TRR), 16 saves from 19 shots - (0.842), L, 6-4-0, 41:37 minutes
Casey DeSmith (NFS), 42 saves from 43 shots - (0.977), W, 6-3-1, 60:00 minutes
Players Stats for Tucson Roadrunners
Player Name G A P +/- PIM S H SB GA TA FO MP PP MP PK MP
------------------------------------------------------------------------------------
Alex Belzile 0 0 0 -1 5 2 1 0 0 0 0/0 15:20 3:41 0:34
Anthony Richard 0 1 1 0 0 2 1 0 1 0 0/0 10:59 0:04 0:09
Benjamin Jones 0 0 0 0 0 3 1 0 0 0 1/1 8:33 0:00 0:00
Carson Soucy 0 0 0 1 5 2 4 0 1 1 0/0 22:17 5:50 0:26
Johnathan Kovacevic 0 0 0 -1 0 1 0 0 1 1 0/0 23:10 4:24 1:37
Marian Studenic 0 0 0 0 0 1 0 0 3 0 0/0 9:03 0:10 0:00
Mark Jankowski 0 0 0 -1 0 0 4 0 0 0 10/14 17:16 4:39 0:00
Matt Nieto 0 0 0 0 0 5 1 0 0 0 1/1 21:24 5:21 0:43
Matthew Highmore 0 1 1 0 2 1 0 2 0 0 0/1 11:38 0:42 0:00
Mikhail Maltsev 1 0 1 0 0 1 1 0 1 0 8/10 12:37 0:56 0:00
Nick Seeler 0 0 0 -1 0 3 2 0 0 1 0/0 15:02 0:10 1:53
Nicolas Petan 0 0 0 -1 0 4 6 1 3 1 0/0 17:42 4:47 0:00
Radim Simek 0 0 0 -1 0 0 1 2 0 0 0/0 20:29 5:40 0:54
Robert Hagg 0 0 0 0 2 0 1 0 0 0 0/0 21:26 4:24 0:00
Ross Colton 0 0 0 0 0 9 5 0 0 1 19/37 22:15 5:11 1:42
Simon Benoit 0 0 0 0 5 1 0 2 0 1 0/0 17:48 0:00 0:00
Walker Duehr 0 0 0 0 0 1 0 0 0 0 0/0 8:33 0:00 0:00
William Carrier 0 0 0 0 0 7 2 0 2 1 0/1 21:58 5:11 1:42
Players Stats for Newfoundland Shamrocks
Player Name G A P +/- PIM S H SB GA TA FO MP PP MP PK MP
------------------------------------------------------------------------------------
Alex Chiasson 1 1 2 1 0 3 3 1 2 1 2/3 16:51 1:17 0:00
Alex Galchenyuk 0 1 1 1 0 3 1 0 0 2 1/1 12:59 1:12 1:08
Drew O'Connor 0 0 0 -1 0 1 2 1 2 3 1/2 17:15 0:00 4:17
Dylan Coghlan 0 0 0 -1 0 0 1 3 0 0 0/0 20:16 0:00 4:10
Ilya Solovyov 0 0 0 -1 0 0 0 2 0 1 0/0 15:54 1:12 0:21
Jon Merrill 0 1 1 2 7 2 1 1 0 1 0/0 22:51 0:00 4:09
Josh Archibald 1 0 1 1 0 3 1 1 0 0 1/4 17:21 0:00 4:33
Maxime Comtois 0 1 1 1 0 1 3 0 1 1 0/0 15:53 1:17 0:40
Nicolas Deslauriers 0 0 0 1 19 0 2 0 1 0 1/3 10:56 0:52 0:28
Peter Abbandonato 0 1 1 1 5 6 2 0 1 0 3/16 15:27 0:16 3:46
Raphael Lavoie 1 0 1 0 0 4 3 0 0 0 13/23 14:15 1:17 0:00
Robert Bortuzzo 0 0 0 1 2 2 1 1 0 2 0/0 24:47 0:00 4:23
Samuel Poulin 0 0 0 -1 2 0 1 0 0 1 1/7 13:56 1:08 0:00
Tanner Laczynski 0 0 0 0 2 2 0 2 0 0 2/3 12:06 0:00 3:55
William Dufour 0 0 0 -1 0 0 2 0 0 0 0/0 13:51 1:08 0:00
William Villeneuve 0 0 0 1 0 0 0 0 0 0 0/0 16:53 1:13 2:41
Wyatte Wylie 0 0 0 0 0 0 0 2 0 0 0/0 17:03 0:00 4:43
Zayde Wisdom 0 0 0 0 0 0 2 0 0 0 1/3 9:24 1:13 0:01
3 Stars
1 - Casey DeSmith (NFS)
2 - Alex Chiasson (NFS)
3 - Josh Archibald (NFS)
Power Play
Tucson Roadrunners - 0 on 6 Attempt(s) - 0.00%
Newfoundland Shamrocks - 1 on 2 Attempt(s) - 50.00%
Penalty Kill
Tucson Roadrunners - 1 on 2 Attempt(s) - 50.00%
- Score 0 goal in Penalty Kill
Newfoundland Shamrocks - 6 on 6 Attempt(s) - 100.00%
- Score 0 goal in Penalty Kill
Team Stat
Tucson Roadrunners - Hits : 30 - Faceoff Wins : 39 - Blocked Shots : 7 - Penalty Minutes : 19
Newfoundland Shamrocks - Hits : 25 - Faceoff Wins : 26 - Blocked Shots : 14 - Penalty Minutes : 37
Official
Referees : Mike Leggo and Tom Chmielewski
Linesman : Don Henderson and Derek Nansen
Game Notes
17:42 of 1st period - Newfoundland Shamrocks goal is going for a video replay. After video review, Goal.
Peter Abbandonato beats up Carson Soucy at 1:24 of 2nd period
Nicolas Deslauriers beats up Alex Belzile at 8:40 of 2nd period
Jaroslav Halak enters game at 1:37 of 3rd period
12:48 of 3rd period - Tucson Roadrunners goal is going for a video replay. After video review, No Goal. The goalkeeper has been pushed into the net together with the puck after making a save.
Jon Merrill beats up Simon Benoit at 16:27 of 3rd period
Tucson Roadrunners
5 vs 5 Forward
Center Left Wing Right Wing Time % Phy DF OF
1 Ross Colton William Carrier Matt Nieto 40 0 2 3
2 Mark Jankowski Nicolas Petan Alex Belzile 30 0 2 3
3 Mikhail Maltsev Matthew Highmore Anthony Richard 20 1 2 2
4 Benjamin Jones Marian Studenic Walker Duehr 10 1 2 2
5 vs 5 Defense
Defense Defense Time % Phy DF OF
1 Simon Benoit Carson Soucy 40 1 3 1
2 Johnathan Kovacevic Robert Hagg 35 1 3 1
3 Radim Simek Nick Seeler 25 1 3 1
4 Robert Hagg Carson Soucy 0 1 2 2
PowerPlay Forward
Center Left Wing Right Wing Time % Phy DF OF
1 Ross Colton William Carrier Matt Nieto 55 0 1 4
2 Mark Jankowski Nicolas Petan Alex Belzile 45 1 1 3
PowerPlay Defense
Defense Defense Time % Phy DF OF
1 Radim Simek Carson Soucy 55 1 1 3
2 Johnathan Kovacevic Robert Hagg 45 1 1 2
Penalty Kill 4 Players Forward
Center Wing Time % Phy DF OF
1 Ross Colton William Carrier 60 1 3 1
2 Matt Nieto Alex Belzile 40 1 3 1
Penalty Kill 4 Players Defense
Defense Defense Time % Phy DF OF
1 Nick Seeler Carson Soucy 60 1 3 1
2 Johnathan Kovacevic Robert Hagg 40 1 3 1
Penalty Kill - 3 Players Forward
Forward Time % Phy DF OF
1 Ross Colton 60 1 2 2
2 William Carrier 40 1 2 2
Penalty Kill - 3 Players Defense
Defense Defense Time % Phy DF OF
1 Nick Seeler Carson Soucy 60 1 2 2
2 Johnathan Kovacevic Robert Hagg 40 1 2 2
4 vs 4 Forward
Center Wing Time % Phy DF OF
1 Ross Colton William Carrier 55 1 2 2
2 Matt Nieto Nicolas Petan 45 1 2 2
4 vs 4 Defense
Defense Defense Time % Phy DF OF
1 Radim Simek Carson Soucy 55 1 2 2
2 Johnathan Kovacevic Robert Hagg 45 1 2 2
Last Minutes Offensive
Center Left Wing Right Wing Defense Defense
Ross Colton William Carrier Matt Nieto Robert Hagg Carson Soucy
Last Minutes Defensive
Center Left Wing Right Wing Defense Defense
Ross Colton William Carrier Matt Nieto Robert Hagg Carson Soucy
Goaltenders
Starting : Elvis Merzlikins
Backup : Jaroslav Halak
Extra Forwards
Normal : Mikhail Maltsev, Matthew Highmore, Anthony Richard - PP : Mikhail Maltsev, Matthew Highmore - PK : Anthony Richard
Extra Defensemen
Normal : Radim Simek, Nick Seeler, Johnathan Kovacevic - PP : Radim Simek - PK : Nick Seeler, Johnathan Kovacevic
Penalty Shots
Ross Colton, William Carrier, Matt Nieto, Mark Jankowski, Alex Belzile
Newfoundland Shamrocks
5 vs 5 Forward
Center Left Wing Right Wing Time % Phy DF OF
1 Raphael Lavoie Maxime Comtois Alex Chiasson 30 1 2 2
2 Peter Abbandonato Nicolas Deslauriers Josh Archibald 30 1 2 2
3 Samuel Poulin Drew O'Connor William Dufour 25 1 2 2
4 Zayde Wisdom Alex Galchenyuk Tanner Laczynski 15 1 2 2
5 vs 5 Defense
Defense Defense Time % Phy DF OF
1 Jon Merrill Robert Bortuzzo 30 1 2 2
2 Dylan Coghlan Ilya Solovyov 30 1 2 2
3 William Villeneuve Wyatte Wylie 25 1 2 2
4 Jon Merrill Robert Bortuzzo 15 1 2 2
PowerPlay Forward
Center Left Wing Right Wing Time % Phy DF OF
1 Raphael Lavoie Maxime Comtois Alex Chiasson 50 1 2 2
2 Samuel Poulin Nicolas Deslauriers William Dufour 50 1 2 2
PowerPlay Defense
Defense Defense Time % Phy DF OF
1 Ilya Solovyov Alex Galchenyuk 50 1 2 2
2 Zayde Wisdom William Villeneuve 50 1 2 2
Penalty Kill 4 Players Forward
Center Wing Time % Phy DF OF
1 Peter Abbandonato Josh Archibald 50 1 2 2
2 Tanner Laczynski Drew O'Connor 50 1 2 2
Penalty Kill 4 Players Defense
Defense Defense Time % Phy DF OF
1 Jon Merrill Robert Bortuzzo 50 1 2 2
2 Dylan Coghlan Wyatte Wylie 50 1 2 2
Penalty Kill - 3 Players Forward
Forward Time % Phy DF OF
1 Josh Archibald 50 1 2 2
2 Drew O'Connor 50 1 2 2
Penalty Kill - 3 Players Defense
Defense Defense Time % Phy DF OF
1 Jon Merrill Robert Bortuzzo 50 1 2 2
2 Dylan Coghlan Wyatte Wylie 50 1 2 2
4 vs 4 Forward
Center Wing Time % Phy DF OF
1 Raphael Lavoie Alex Chiasson 50 1 2 2
2 Samuel Poulin Maxime Comtois 50 1 2 2
4 vs 4 Defense
Defense Defense Time % Phy DF OF
1 Jon Merrill Robert Bortuzzo 50 1 2 2
2 Ilya Solovyov Alex Galchenyuk 50 1 2 2
Last Minutes Offensive
Center Left Wing Right Wing Defense Defense
Raphael Lavoie Maxime Comtois Alex Chiasson Jon Merrill Dylan Coghlan
Last Minutes Defensive
Center Left Wing Right Wing Defense Defense
Tanner Laczynski Drew O'Connor Josh Archibald Jon Merrill Robert Bortuzzo
Goaltenders
Starting : Casey DeSmith
Backup : Mackenzie Blackwood
Extra Forwards
Normal : Josh Archibald, Alex Chiasson, Nicolas Deslauriers - PP : Peter Abbandonato, Tanner Laczynski - PK : Nicolas Deslauriers
Extra Defensemen
Normal : Dylan Coghlan, Jon Merrill, Robert Bortuzzo - PP : Robert Bortuzzo - PK : William Villeneuve, Ilya Solovyov
Penalty Shots
Raphael Lavoie, Alex Galchenyuk, Samuel Poulin, William Dufour, Zayde Wisdom
% Time on Ice - Tucson Roadrunners
Lines # - Real PCT - Wanted PCT - Time Play
Normal Forward
1 - 34% - 40% - 16:15
2 - 27% - 30% - 12:37
3 - 21% - 20% - 9:56
4 - 18% - 10% - 8:33
Normal Defense
1 - 39% - 40% - 18:41
2 - 36% - 35% - 17:09
3 - 24% - 25% - 11:08
4 - 1% - 0% - 0:23
PP Forward
1 - 51% - 55% - 5:15
2 - 49% - 45% - 4:59
PP Defense
1 - 57% - 55% - 5:50
2 - 43% - 45% - 4:24
PK Forward
1 - 77% - 60% - 1:51
2 - 23% - 40% - 0:34
PK Defense
1 - 66% - 60% - 1:35
2 - 34% - 40% - 0:50
PK3 Forward
1 - 0% - 60%
2 - 0% - 40%
PK3 Defense
1 - 0% - 60%
2 - 0% - 40%
44 Forward
1 - 0% - 55%
2 - 0% - 45%
44 Defense
1 - 0% - 55%
2 - 0% - 45%
Last Minute Offensive - 0:00
Last Minute Defensive - 0:00
Total
Forward - 60:00
Defense - 60:00
|
% Time on Ice - Newfoundland Shamrocks
Lines # - Real PCT - Wanted PCT - Time Play
Normal Forward
1 - 28% - 30% - 13:23
2 - 29% - 30% - 13:42
3 - 26% - 25% - 12:31
4 - 16% - 15% - 7:45
Normal Defense
1 - 32% - 30% - 15:03
2 - 30% - 30% - 14:05
3 - 27% - 25% - 12:42
4 - 12% - 15% - 5:31
PP Forward
1 - 53% - 50% - 1:17
2 - 47% - 50% - 1:08
PP Defense
1 - 50% - 50% - 1:12
2 - 50% - 50% - 1:13
PK Forward
1 - 50% - 50% - 4:18
2 - 50% - 50% - 4:16
PK Defense
1 - 51% - 50% - 4:21
2 - 49% - 50% - 4:13
PK3 Forward
1 - 38% - 50% - 0:38
2 - 62% - 50% - 1:02
PK3 Defense
1 - 70% - 50% - 1:10
2 - 30% - 50% - 0:30
44 Forward
1 - 0% - 50%
2 - 0% - 50%
44 Defense
1 - 0% - 50%
2 - 0% - 50%
Last Minute Offensive - 0:00
Last Minute Defensive - 0:00
Total
Forward - 60:00
Defense - 60:00
|
Play-by-Play
1st period
0:01 of 1st period - Raphael Lavoie wins face-off versus William Carrier in neutral zone.
0:37 of 1st period - Robert Bortuzzo is hit by Carson Soucy and loses puck.
1:14 of 1st period - Snap shot by Tanner Laczynski.
1:14 of 1st period - Shot Misses the Net.
1:57 of 1st period - Josh Archibald is hit by Ross Colton.
2:31 of 1st period - Wrist shot by Josh Archibald.
2:31 of 1st period - Deflect By Peter Abbandonato.
2:31 of 1st period - Shot Misses the Net.
2:31 of 1st period - Puck is out of play.
2:32 of 1st period - Mikhail Maltsev wins face-off versus Samuel Poulin in Tucson Roadrunners zone.
2:32 of 1st period - Mikhail Maltsev is hit by Dylan Coghlan.
2:40 of 1st period - Slapshot by Anthony Richard.
2:40 of 1st period - Shot Misses the Net.
2:42 of 1st period - Minor Penalty to Samuel Poulin for Holding.
2:43 of 1st period - Ross Colton wins face-off versus Tanner Laczynski in Newfoundland Shamrocks zone.
2:58 of 1st period - Snap shot by Matt Nieto.
2:58 of 1st period - Stopped by Casey DeSmith with a rebound.
3:08 of 1st period - Carson Soucy is hit by Josh Archibald and loses puck.
3:51 of 1st period - Drew O'Connor is hit by Matt Nieto and loses puck.
4:09 of 1st period - Icing by Nicolas Petan.
4:10 of 1st period - Mark Jankowski wins face-off versus Peter Abbandonato in Tucson Roadrunners zone.
4:42 of 1st period - Penalty to Samuel Poulin is over, Samuel Poulin is back on ice.
4:59 of 1st period - Snap shot by Alex Chiasson.
4:59 of 1st period - Stopped by Elvis Merzlikins without a rebound.
5:00 of 1st period - Alex Chiasson wins face-off versus Ross Colton in Tucson Roadrunners zone.
5:25 of 1st period - Simon Benoit is hit by Nicolas Deslauriers and loses puck.
5:32 of 1st period - Wrist shot by Peter Abbandonato.
5:32 of 1st period - Stopped by Elvis Merzlikins without a rebound.
5:33 of 1st period - Matt Nieto wins face-off versus Samuel Poulin in Tucson Roadrunners zone.
5:38 of 1st period - Snap shot by Ross Colton.
5:38 of 1st period - Shot Misses the Net.
6:06 of 1st period - Nicolas Petan is hit by Zayde Wisdom and loses puck.
6:26 of 1st period - Wrist shot by Raphael Lavoie.
6:26 of 1st period - Shot Blocked by Matthew Highmore.
6:36 of 1st period - Marian Studenic is hit by Peter Abbandonato.
7:07 of 1st period - Wrist shot by Ross Colton.
7:07 of 1st period - Shot Misses the Net.
7:25 of 1st period - Wrist shot by Mark Jankowski.
7:25 of 1st period - Shot Misses the Net.
7:41 of 1st period - Wrist shot by Alex Chiasson.
7:41 of 1st period - Shot Misses the Net.
8:21 of 1st period - Icing by Drew O'Connor.
8:22 of 1st period - Benjamin Jones wins face-off versus Samuel Poulin in Newfoundland Shamrocks zone.
8:49 of 1st period - Ilya Solovyov is hit by Carson Soucy and loses puck.
8:58 of 1st period - Wrist shot by Walker Duehr.
8:58 of 1st period - Stopped by Casey DeSmith with a rebound.
9:14 of 1st period - Snap shot by William Dufour.
9:14 of 1st period - Shot Misses the Net.
10:08 of 1st period - Ilya Solovyov is hit by Radim Simek and loses puck.
10:19 of 1st period - Snap shot by Drew O'Connor.
10:19 of 1st period - Stopped by Elvis Merzlikins with a rebound.
10:21 of 1st period - Snap shot by William Dufour.
10:21 of 1st period - Shot Misses the Net.
10:23 of 1st period - Backhand shot by Drew O'Connor.
10:23 of 1st period - Shot Misses the Net.
10:45 of 1st period - Snap shot by Marian Studenic.
10:45 of 1st period - Shot Misses the Net.
11:17 of 1st period - Slapshot by Benjamin Jones.
11:17 of 1st period - Stopped by Casey DeSmith without a rebound.
11:18 of 1st period - Raphael Lavoie wins face-off versus Ross Colton in Newfoundland Shamrocks zone.
11:25 of 1st period - Snap shot by Alex Chiasson.
11:25 of 1st period - Shot Misses the Net.
11:31 of 1st period - Snap shot by Maxime Comtois.
11:31 of 1st period - Shot Blocked by Simon Benoit.
11:33 of 1st period - Slapshot by Robert Bortuzzo.
11:33 of 1st period - Stopped by Elvis Merzlikins with a rebound.
11:45 of 1st period - Alex Belzile is hit by Jon Merrill and loses puck.
12:28 of 1st period - William Villeneuve is hit by Ross Colton.
12:32 of 1st period - Alex Chiasson is hit by Ross Colton and loses puck.
12:56 of 1st period - Minor Penalty to Nicolas Deslauriers for Interference.
12:57 of 1st period - Ross Colton wins face-off versus Peter Abbandonato in Newfoundland Shamrocks zone.
13:06 of 1st period - Snap shot by Ross Colton.
13:06 of 1st period - Shot Blocked by Robert Bortuzzo.
13:31 of 1st period - Snap shot by Nicolas Petan.
13:31 of 1st period - Shot Misses the Net.
14:07 of 1st period - Wyatte Wylie is hit by Alex Belzile and loses puck.
14:56 of 1st period - Penalty to Nicolas Deslauriers is over, Nicolas Deslauriers is back on ice.
14:58 of 1st period - Anthony Richard is hit by Maxime Comtois and loses puck.
15:05 of 1st period - Robert Bortuzzo is hit by Nick Seeler and loses puck.
15:31 of 1st period - Wyatte Wylie is hit by Nicolas Petan and loses puck.
16:19 of 1st period - Icing by Alex Chiasson.
16:20 of 1st period - Mikhail Maltsev wins face-off versus Raphael Lavoie in Newfoundland Shamrocks zone.
16:35 of 1st period - Samuel Poulin is hit by Benjamin Jones and loses puck.
16:47 of 1st period - Icing by Simon Benoit.
16:48 of 1st period - Mikhail Maltsev wins face-off versus Zayde Wisdom in Tucson Roadrunners zone.
16:48 of 1st period - Mikhail Maltsev is hit by Alex Galchenyuk.
17:00 of 1st period - Snap shot by Matthew Highmore.
17:00 of 1st period - Shot Misses the Net.
17:21 of 1st period - Maxime Comtois is hit by Ross Colton and loses puck.
17:36 of 1st period - Wrist shot by Josh Archibald.
17:36 of 1st period - Shot Misses the Net.
17:38 of 1st period - Wrist shot by Peter Abbandonato.
17:38 of 1st period - Stopped by Elvis Merzlikins with a rebound.
17:40 of 1st period - Snap shot by Peter Abbandonato.
17:40 of 1st period - Stopped by Elvis Merzlikins with a rebound.
17:42 of 1st period - Snap shot by Josh Archibald.
17:42 of 1st period - Newfoundland Shamrocks goal is going for a video replay.
17:42 of 1st period - The goal is good.
17:42 of 1st period - Goal by Josh Archibald - Tucson Roadrunners : 0 - Newfoundland Shamrocks : 1.
17:43 of 1st period - Peter Abbandonato wins face-off versus Ross Colton in neutral zone.
17:48 of 1st period - Slapshot by Peter Abbandonato.
17:48 of 1st period - Stopped by Elvis Merzlikins without a rebound.
17:49 of 1st period - Ross Colton wins face-off versus Peter Abbandonato in Tucson Roadrunners zone.
18:16 of 1st period - Off-side.
18:17 of 1st period - Mark Jankowski wins face-off versus Raphael Lavoie in neutral zone.
18:28 of 1st period - Raphael Lavoie is hit by Nicolas Petan and loses puck.
18:35 of 1st period - Snap shot by Nicolas Petan.
18:35 of 1st period - Shot Misses the Net.
18:37 of 1st period - Snap shot by Alex Belzile.
18:37 of 1st period - Deflect By Mark Jankowski.
18:37 of 1st period - Shot Misses the Net.
18:37 of 1st period - Puck is out of play.
18:38 of 1st period - Ross Colton wins face-off versus Nicolas Deslauriers in Newfoundland Shamrocks zone.
18:41 of 1st period - Snap shot by William Carrier.
18:41 of 1st period - Stopped by Casey DeSmith without a rebound.
18:42 of 1st period - Ross Colton wins face-off versus Peter Abbandonato in Newfoundland Shamrocks zone.
18:43 of 1st period - Wrist shot by William Carrier.
18:43 of 1st period - Shot Misses the Net.
19:07 of 1st period - Carson Soucy is hit by Raphael Lavoie and loses puck.
19:55 of 1st period - Slapshot by Peter Abbandonato.
19:55 of 1st period - Deflect By Josh Archibald.
19:55 of 1st period - Shot Misses the Net.
19:55 of 1st period - Puck is out of play.
19:56 of 1st period - Ross Colton wins face-off versus Raphael Lavoie in Tucson Roadrunners zone.
Goals for this period are 0 for Tucson Roadrunners vs 1 for Newfoundland Shamrocks.
Shots for this period are 4 for Tucson Roadrunners vs 8 for Newfoundland Shamrocks.
2nd period
0:01 of 2nd period - Peter Abbandonato wins face-off versus Ross Colton in neutral zone.
0:04 of 2nd period - Wrist shot by Josh Archibald.
0:04 of 2nd period - Shot Misses the Net.
0:16 of 2nd period - Snap shot by Ross Colton.
0:16 of 2nd period - Stopped by Casey DeSmith with a rebound.
0:26 of 2nd period - Robert Bortuzzo is hit by Carson Soucy and loses puck.
1:11 of 2nd period - Snap shot by William Carrier.
1:11 of 2nd period - Stopped by Casey DeSmith without a rebound.
1:12 of 2nd period - Zayde Wisdom wins face-off versus Ross Colton in Newfoundland Shamrocks zone.
1:17 of 2nd period - Wrist shot by Ross Colton.
1:17 of 2nd period - Shot Blocked by Ilya Solovyov.
1:19 of 2nd period - Slapshot by Carson Soucy.
1:19 of 2nd period - Stopped by Casey DeSmith with a rebound.
1:21 of 2nd period - Slapshot by Simon Benoit.
1:21 of 2nd period - Stopped by Casey DeSmith without a rebound.
1:22 of 2nd period - Ross Colton wins face-off versus Peter Abbandonato in Newfoundland Shamrocks zone.
1:24 of 2nd period - Peter Abbandonato beats up Carson Soucy.
1:24 of 2nd period - Penalty to Peter Abbandonato for Fighting.
1:24 of 2nd period - Penalty to Carson Soucy for Fighting.
1:25 of 2nd period - Alex Chiasson wins face-off versus Ross Colton in Newfoundland Shamrocks zone.
1:38 of 2nd period - Snap shot by Josh Archibald.
1:38 of 2nd period - Stopped by Elvis Merzlikins with a rebound.
1:40 of 2nd period - Snap shot by Nicolas Deslauriers.
1:40 of 2nd period - Shot Misses the Net.
1:52 of 2nd period - Robert Bortuzzo is hit by Nicolas Petan and loses puck.
3:20 of 2nd period - Alex Chiasson is hit by Mark Jankowski and loses puck.
3:31 of 2nd period - Minor Penalty to Robert Hagg for Roughing.
3:32 of 2nd period - Ross Colton wins face-off versus Raphael Lavoie in Tucson Roadrunners zone.
4:06 of 2nd period - Slapshot by Alex Galchenyuk.
4:06 of 2nd period - Stopped by Elvis Merzlikins without a rebound.
4:07 of 2nd period - Ross Colton wins face-off versus Nicolas Deslauriers in Tucson Roadrunners zone.
4:38 of 2nd period - Snap shot by Alex Chiasson.
4:38 of 2nd period - Shot Misses the Net.
4:40 of 2nd period - Wrist shot by Raphael Lavoie.
4:40 of 2nd period - Stopped by Elvis Merzlikins without a rebound.
4:41 of 2nd period - Ross Colton wins face-off versus Raphael Lavoie in Tucson Roadrunners zone.
5:31 of 2nd period - Penalty to Robert Hagg is over, Robert Hagg is back on ice.
5:38 of 2nd period - Johnathan Kovacevic is hit by Nicolas Deslauriers and loses puck.
6:23 of 2nd period - Maxime Comtois is hit by Anthony Richard and loses puck.
6:51 of 2nd period - Simon Benoit is hit by Zayde Wisdom and loses puck.
7:44 of 2nd period - Wrist shot by Mikhail Maltsev.
7:44 of 2nd period - Goal by Mikhail Maltsev - Tucson Roadrunners : 1 - Newfoundland Shamrocks : 1.
7:45 of 2nd period - Ross Colton wins face-off versus Peter Abbandonato in neutral zone.
7:48 of 2nd period - Robert Bortuzzo is hit by Ross Colton and loses puck.
7:57 of 2nd period - Snap shot by Peter Abbandonato.
7:57 of 2nd period - Stopped by Elvis Merzlikins without a rebound.
7:58 of 2nd period - Raphael Lavoie wins face-off versus Ross Colton in Tucson Roadrunners zone.
7:59 of 2nd period - Slapshot by Alex Chiasson.
7:59 of 2nd period - Shot Misses the Net.
8:01 of 2nd period - Slapshot by Robert Bortuzzo.
8:01 of 2nd period - Stopped by Elvis Merzlikins without a rebound.
8:02 of 2nd period - Ross Colton wins face-off versus Raphael Lavoie in Tucson Roadrunners zone.
8:13 of 2nd period - Snap shot by William Carrier.
8:13 of 2nd period - Stopped by Casey DeSmith with a rebound.
8:26 of 2nd period - Icing by Ross Colton.
8:27 of 2nd period - Mark Jankowski wins face-off versus Peter Abbandonato in Tucson Roadrunners zone.
8:32 of 2nd period - Peter Abbandonato is hit by Mark Jankowski and loses puck.
8:40 of 2nd period - Nicolas Deslauriers beats up Alex Belzile.
8:40 of 2nd period - Penalty to Nicolas Deslauriers for Fighting.
8:40 of 2nd period - Penalty to Alex Belzile for Fighting.
8:40 of 2nd period - Penalty to Nicolas Deslauriers for instigated a fight.
8:40 of 2nd period - Penalty to Nicolas Deslauriers for instigated a fight.
8:41 of 2nd period - Tanner Laczynski wins face-off versus Ross Colton in Newfoundland Shamrocks zone.
8:56 of 2nd period - Wrist shot by William Carrier.
8:56 of 2nd period - Shot Misses the Net.
9:06 of 2nd period - Peter Abbandonato is hit by Carson Soucy.
9:36 of 2nd period - Jon Merrill is hit by Mark Jankowski and loses puck.
10:19 of 2nd period - Tanner Laczynski is hit by Mikhail Maltsev and loses puck.
10:40 of 2nd period - Penalty to Nicolas Deslauriers is over, Alex Chiasson is send on ice.
11:01 of 2nd period - Simon Benoit is hit by Maxime Comtois and loses puck.
11:25 of 2nd period - Wrist shot by Alex Chiasson.
11:25 of 2nd period - Goal by Alex Chiasson - Tucson Roadrunners : 1 - Newfoundland Shamrocks : 2.
11:26 of 2nd period - Peter Abbandonato wins face-off versus Ross Colton in neutral zone.
11:51 of 2nd period - Robert Hagg is hit by Samuel Poulin and loses puck.
12:36 of 2nd period - Snap shot by Ross Colton.
12:36 of 2nd period - Stopped by Casey DeSmith without a rebound.
12:37 of 2nd period - Raphael Lavoie wins face-off versus Mark Jankowski in Newfoundland Shamrocks zone.
12:37 of 2nd period - Raphael Lavoie is hit by Nicolas Petan.
12:45 of 2nd period - Snap shot by Maxime Comtois.
12:45 of 2nd period - Shot Blocked by Radim Simek.
12:47 of 2nd period - Snap shot by Alex Chiasson.
12:47 of 2nd period - Stopped by Elvis Merzlikins with a rebound.
12:49 of 2nd period - Slapshot by Jon Merrill.
12:49 of 2nd period - Shot Blocked by Nicolas Petan.
13:16 of 2nd period - Carson Soucy is hit by William Dufour and loses puck.
13:58 of 2nd period - Slapshot by Alex Chiasson.
13:58 of 2nd period - Deflect By Raphael Lavoie.
13:58 of 2nd period - Stopped by Elvis Merzlikins with a rebound.
14:15 of 2nd period - Samuel Poulin is hit by William Carrier.
14:49 of 2nd period - Off-side.
14:50 of 2nd period - Raphael Lavoie wins face-off versus Ross Colton in neutral zone.
14:53 of 2nd period - Ross Colton is hit by Raphael Lavoie.
16:01 of 2nd period - Off-side.
16:02 of 2nd period - Raphael Lavoie wins face-off versus Mikhail Maltsev in neutral zone.
16:49 of 2nd period - Wrist shot by Alex Belzile.
16:49 of 2nd period - Stopped by Casey DeSmith with a rebound.
17:47 of 2nd period - Wrist shot by Drew O'Connor.
17:47 of 2nd period - Shot Misses the Net.
18:32 of 2nd period - Snap shot by Mikhail Maltsev.
18:32 of 2nd period - Shot Blocked by Wyatte Wylie.
18:34 of 2nd period - Slapshot by Robert Hagg.
18:34 of 2nd period - Shot Misses the Net.
18:55 of 2nd period - Alex Galchenyuk is hit by Robert Hagg and loses puck.
Goals for this period are 1 for Tucson Roadrunners vs 1 for Newfoundland Shamrocks.
Shots for this period are 8 for Tucson Roadrunners vs 8 for Newfoundland Shamrocks.
3rd period
0:01 of 3rd period - Raphael Lavoie wins face-off versus Ross Colton in neutral zone.
0:14 of 3rd period - Wrist shot by Maxime Comtois.
0:14 of 3rd period - Stopped by Elvis Merzlikins with a rebound.
0:16 of 3rd period - Slapshot by Raphael Lavoie.
0:16 of 3rd period - Stopped by Elvis Merzlikins without a rebound.
0:17 of 3rd period - Mark Jankowski wins face-off versus Josh Archibald in Tucson Roadrunners zone.
0:17 of 3rd period - Mark Jankowski is hit by Peter Abbandonato.
0:43 of 3rd period - William Carrier is hit by William Dufour and loses puck.
1:11 of 3rd period - Minor Penalty to Matthew Highmore for Hooking.
1:12 of 3rd period - Samuel Poulin wins face-off versus Ross Colton in Tucson Roadrunners zone.
1:25 of 3rd period - Snap shot by Ross Colton.
1:25 of 3rd period - Stopped by Casey DeSmith with a rebound.
1:27 of 3rd period - Slapshot by Nick Seeler.
1:27 of 3rd period - Deflect By William Carrier.
1:27 of 3rd period - Deflect By William Dufour.
1:27 of 3rd period - Stopped by Casey DeSmith without a rebound.
1:28 of 3rd period - Raphael Lavoie wins face-off versus Ross Colton in Newfoundland Shamrocks zone.
1:37 of 3rd period - Wrist shot by Raphael Lavoie.
1:37 of 3rd period - Goal by Raphael Lavoie - Tucson Roadrunners : 1 - Newfoundland Shamrocks : 3.
1:37 of 3rd period - Jaroslav Halak enters game.
1:38 of 3rd period - Raphael Lavoie wins face-off versus Ross Colton in neutral zone.
1:50 of 3rd period - Snap shot by Ross Colton.
1:50 of 3rd period - Stopped by Casey DeSmith with a rebound.
1:52 of 3rd period - Snap shot by Matt Nieto.
1:52 of 3rd period - Stopped by Casey DeSmith without a rebound.
1:53 of 3rd period - Mark Jankowski wins face-off versus Peter Abbandonato in Newfoundland Shamrocks zone.
1:54 of 3rd period - Wrist shot by Nicolas Petan.
1:54 of 3rd period - Shot Misses the Net.
2:14 of 3rd period - Mark Jankowski is hit by Alex Chiasson and loses puck.
2:29 of 3rd period - Snap shot by Alex Galchenyuk.
2:29 of 3rd period - Stopped by Jaroslav Halak with a rebound.
2:31 of 3rd period - Slapshot by Alex Galchenyuk.
2:31 of 3rd period - Stopped by Jaroslav Halak with a rebound.
2:37 of 3rd period - Snap shot by Tanner Laczynski.
2:37 of 3rd period - Stopped by Jaroslav Halak with a rebound.
2:47 of 3rd period - Slapshot by Ross Colton.
2:47 of 3rd period - Shot Blocked by Drew O'Connor.
2:49 of 3rd period - Snap shot by William Carrier.
2:49 of 3rd period - Stopped by Casey DeSmith with a rebound.
2:55 of 3rd period - Slapshot by Ross Colton.
2:55 of 3rd period - Shot Misses the Net.
2:57 of 3rd period - Wrist shot by Ross Colton.
2:57 of 3rd period - Stopped by Casey DeSmith with a rebound.
2:59 of 3rd period - Snap shot by Ross Colton.
2:59 of 3rd period - Stopped by Casey DeSmith without a rebound.
3:00 of 3rd period - Mikhail Maltsev wins face-off versus Alex Chiasson in Newfoundland Shamrocks zone.
3:06 of 3rd period - Icing by Maxime Comtois.
3:07 of 3rd period - Mikhail Maltsev wins face-off versus Raphael Lavoie in Newfoundland Shamrocks zone.
3:10 of 3rd period - Wrist shot by Anthony Richard.
3:10 of 3rd period - Shot Hit the Post.
3:12 of 3rd period - Snap shot by Nick Seeler.
3:12 of 3rd period - Shot Blocked by Alex Chiasson.
3:14 of 3rd period - Slapshot by Nick Seeler.
3:14 of 3rd period - Stopped by Casey DeSmith without a rebound.
3:15 of 3rd period - Ross Colton wins face-off versus Raphael Lavoie in Newfoundland Shamrocks zone.
3:24 of 3rd period - Snap shot by Matt Nieto.
3:24 of 3rd period - Stopped by Casey DeSmith without a rebound.
3:25 of 3rd period - Raphael Lavoie wins face-off versus Ross Colton in Newfoundland Shamrocks zone.
3:30 of 3rd period - Robert Hagg is hit by Raphael Lavoie.
3:40 of 3rd period - 10 Minutes Misconduct Penalty to Nicolas Deslauriers is over.
4:04 of 3rd period - Minor Penalty to Robert Bortuzzo for Holding.
4:05 of 3rd period - Drew O'Connor wins face-off versus Mark Jankowski in Newfoundland Shamrocks zone.
4:05 of 3rd period - Drew O'Connor is hit by Nicolas Petan.
4:19 of 3rd period - Slapshot by Radim Simek.
4:19 of 3rd period - Shot Misses the Net.
4:21 of 3rd period - Slapshot by Radim Simek.
4:21 of 3rd period - Shot Blocked by Dylan Coghlan.
6:04 of 3rd period - Penalty to Robert Bortuzzo is over, Robert Bortuzzo is back on ice.
6:18 of 3rd period - Wrist shot by Benjamin Jones.
6:18 of 3rd period - Shot Blocked by Tanner Laczynski.
6:20 of 3rd period - Wrist shot by Benjamin Jones.
6:20 of 3rd period - Stopped by Casey DeSmith without a rebound.
6:21 of 3rd period - Mikhail Maltsev wins face-off versus Raphael Lavoie in Newfoundland Shamrocks zone.
6:22 of 3rd period - Snap shot by Matthew Highmore.
6:22 of 3rd period - Stopped by Casey DeSmith without a rebound.
6:23 of 3rd period - Raphael Lavoie wins face-off versus Mikhail Maltsev in Newfoundland Shamrocks zone.
6:56 of 3rd period - Slapshot by Ross Colton.
6:56 of 3rd period - Stopped by Casey DeSmith without a rebound.
6:57 of 3rd period - Mark Jankowski wins face-off versus Peter Abbandonato in Newfoundland Shamrocks zone.
6:58 of 3rd period - Slapshot by Nicolas Petan.
6:58 of 3rd period - Stopped by Casey DeSmith without a rebound.
6:59 of 3rd period - Mark Jankowski wins face-off versus Peter Abbandonato in Newfoundland Shamrocks zone.
7:08 of 3rd period - Wrist shot by Jon Merrill.
7:08 of 3rd period - Shot Misses the Net.
7:18 of 3rd period - Robert Bortuzzo is hit by Nicolas Petan and loses puck.
7:29 of 3rd period - Simon Benoit is hit by Alex Chiasson and loses puck.
7:56 of 3rd period - Snap shot by Marian Studenic.
7:56 of 3rd period - Shot Misses the Net.
7:59 of 3rd period - Icing by Ilya Solovyov.
8:00 of 3rd period - Ross Colton wins face-off versus Samuel Poulin in Newfoundland Shamrocks zone.
8:30 of 3rd period - Snap shot by Nicolas Petan.
8:30 of 3rd period - Stopped by Casey DeSmith without a rebound.
8:31 of 3rd period - Mark Jankowski wins face-off versus Raphael Lavoie in Newfoundland Shamrocks zone.
8:58 of 3rd period - Josh Archibald is hit by William Carrier and loses puck.
9:44 of 3rd period - Slapshot by Tanner Laczynski.
9:44 of 3rd period - Stopped by Jaroslav Halak with a rebound.
9:46 of 3rd period - Slapshot by Jon Merrill.
9:46 of 3rd period - Deflect By Carson Soucy.
9:46 of 3rd period - Stopped by Jaroslav Halak with a rebound.
9:48 of 3rd period - Wrist shot by Jon Merrill.
9:48 of 3rd period - Stopped by Jaroslav Halak with a rebound.
9:50 of 3rd period - Slapshot by Tanner Laczynski.
9:50 of 3rd period - Shot Misses the Net.
9:52 of 3rd period - Snap shot by Jon Merrill.
9:52 of 3rd period - Shot Misses the Net.
9:54 of 3rd period - Slapshot by Robert Bortuzzo.
9:54 of 3rd period - Shot Blocked by Simon Benoit.
10:04 of 3rd period - Slapshot by Simon Benoit.
10:04 of 3rd period - Deflect By Nicolas Petan.
10:04 of 3rd period - Shot Blocked by Jon Merrill.
10:04 of 3rd period - Puck is out of play.
10:05 of 3rd period - Raphael Lavoie wins face-off versus Mark Jankowski in Newfoundland Shamrocks zone.
10:36 of 3rd period - Slapshot by Nick Seeler.
10:36 of 3rd period - Stopped by Casey DeSmith without a rebound.
10:37 of 3rd period - Ross Colton wins face-off versus Peter Abbandonato in Newfoundland Shamrocks zone.
10:38 of 3rd period - Wrist shot by William Carrier.
10:38 of 3rd period - Stopped by Casey DeSmith with a rebound.
10:40 of 3rd period - Snap shot by Johnathan Kovacevic.
10:40 of 3rd period - Stopped by Casey DeSmith without a rebound.
10:41 of 3rd period - Ross Colton wins face-off versus Peter Abbandonato in Newfoundland Shamrocks zone.
10:42 of 3rd period - Snap shot by William Carrier.
10:42 of 3rd period - Deflect By Matt Nieto.
10:42 of 3rd period - Stopped by Casey DeSmith with a rebound.
10:44 of 3rd period - Snap shot by Matt Nieto.
10:44 of 3rd period - Stopped by Casey DeSmith with a rebound.
10:52 of 3rd period - Snap shot by Ross Colton.
10:52 of 3rd period - Shot Blocked by Josh Archibald.
11:18 of 3rd period - Wrist shot by Anthony Richard.
11:18 of 3rd period - Stopped by Casey DeSmith with a rebound.
11:44 of 3rd period - Nicolas Petan is hit by Alex Chiasson and loses puck.
11:57 of 3rd period - Dylan Coghlan is hit by Nick Seeler and loses puck.
12:16 of 3rd period - Slapshot by Marian Studenic.
12:16 of 3rd period - Stopped by Casey DeSmith with a rebound.
12:18 of 3rd period - Slapshot by Benjamin Jones.
12:18 of 3rd period - Stopped by Casey DeSmith with a rebound.
12:20 of 3rd period - Wrist shot by Benjamin Jones.
12:20 of 3rd period - Shot Misses the Net.
12:22 of 3rd period - Slapshot by Carson Soucy.
12:22 of 3rd period - Shot Blocked by Ilya Solovyov.
12:24 of 3rd period - Slapshot by Carson Soucy.
12:24 of 3rd period - Shot Blocked by Dylan Coghlan.
12:34 of 3rd period - Minor Penalty to Tanner Laczynski for Roughing.
12:35 of 3rd period - Nicolas Deslauriers wins face-off versus Ross Colton in Newfoundland Shamrocks zone.
12:46 of 3rd period - Snap shot by William Carrier.
12:46 of 3rd period - Stopped by Casey DeSmith with a rebound.
12:48 of 3rd period - Wrist shot by Ross Colton.
12:48 of 3rd period - Tucson Roadrunners goal is going for a video replay.
12:48 of 3rd period - The goal is refused. The goalkeeper has been pushed into the net together with the puck after making a save..
12:49 of 3rd period - Ross Colton wins face-off versus Peter Abbandonato in Newfoundland Shamrocks zone.
12:53 of 3rd period - Minor Penalty to Jon Merrill for Holding.
12:54 of 3rd period - Josh Archibald wins face-off versus Ross Colton in Newfoundland Shamrocks zone.
13:08 of 3rd period - Slapshot by Carson Soucy.
13:08 of 3rd period - Stopped by Casey DeSmith with a rebound.
13:29 of 3rd period - Off-side.
13:30 of 3rd period - Mark Jankowski wins face-off versus Drew O'Connor in neutral zone.
13:43 of 3rd period - Snap shot by Johnathan Kovacevic.
13:43 of 3rd period - Shot Blocked by Wyatte Wylie.
13:45 of 3rd period - Slapshot by Robert Hagg.
13:45 of 3rd period - Deflect By Nicolas Petan.
13:45 of 3rd period - Stopped by Casey DeSmith without a rebound.
13:46 of 3rd period - Ross Colton wins face-off versus Josh Archibald in Newfoundland Shamrocks zone.
14:30 of 3rd period - Snap shot by Ross Colton.
14:30 of 3rd period - Stopped by Casey DeSmith without a rebound.
14:31 of 3rd period - Mark Jankowski wins face-off versus Josh Archibald in Newfoundland Shamrocks zone.
14:34 of 3rd period - Penalty to Tanner Laczynski is over, Tanner Laczynski is back on ice.
14:40 of 3rd period - Wrist shot by Nicolas Petan.
14:40 of 3rd period - Shot Blocked by Dylan Coghlan.
14:42 of 3rd period - Slapshot by Alex Belzile.
14:42 of 3rd period - Stopped by Casey DeSmith without a rebound.
14:43 of 3rd period - Tanner Laczynski wins face-off versus Mark Jankowski in Newfoundland Shamrocks zone.
14:43 of 3rd period - Tanner Laczynski is hit by Mark Jankowski.
14:49 of 3rd period - Nicolas Petan is hit by Drew O'Connor and loses puck.
14:53 of 3rd period - Penalty to Jon Merrill is over, Jon Merrill is back on ice.
14:56 of 3rd period - Wrist shot by Alex Belzile.
14:56 of 3rd period - Deflect By Mark Jankowski.
14:56 of 3rd period - Shot Blocked by Tanner Laczynski.
14:56 of 3rd period - Puck is out of play.
14:57 of 3rd period - Raphael Lavoie wins face-off versus Ross Colton in Newfoundland Shamrocks zone.
15:27 of 3rd period - Wrist shot by Drew O'Connor.
15:27 of 3rd period - Shot Misses the Net.
15:53 of 3rd period - Off-side.
15:54 of 3rd period - Ross Colton wins face-off versus Zayde Wisdom in neutral zone.
16:06 of 3rd period - Icing by Alex Galchenyuk.
16:07 of 3rd period - Alex Galchenyuk wins face-off versus Matthew Highmore in Newfoundland Shamrocks zone.
16:26 of 3rd period - Snap shot by Tanner Laczynski.
16:26 of 3rd period - Shot Blocked by Matthew Highmore.
16:27 of 3rd period - Jon Merrill beats up Simon Benoit.
16:27 of 3rd period - Penalty to Jon Merrill for Fighting.
16:27 of 3rd period - Penalty to Simon Benoit for Fighting.
16:28 of 3rd period - Mikhail Maltsev wins face-off versus Samuel Poulin in Tucson Roadrunners zone.
16:35 of 3rd period - Slapshot by Nick Seeler.
16:35 of 3rd period - Stopped by Casey DeSmith without a rebound.
16:36 of 3rd period - Mikhail Maltsev wins face-off versus Samuel Poulin in Newfoundland Shamrocks zone.
17:27 of 3rd period - Snap shot by Josh Archibald.
17:27 of 3rd period - Deflect By Peter Abbandonato.
17:27 of 3rd period - Stopped by Jaroslav Halak with a rebound.
17:29 of 3rd period - Wrist shot by Peter Abbandonato.
17:29 of 3rd period - Shot Misses the Net.
17:31 of 3rd period - Wrist shot by Nicolas Deslauriers.
17:31 of 3rd period - Shot Blocked by Radim Simek.
17:51 of 3rd period - Backhand shot by Nicolas Petan.
17:51 of 3rd period - Stopped by Casey DeSmith with a rebound.
17:53 of 3rd period - Snap shot by Alex Belzile.
17:53 of 3rd period - Shot Misses the Net.
18:03 of 3rd period - Mikhail Maltsev is hit by Drew O'Connor and loses puck.
18:47 of 3rd period - Slapshot by Josh Archibald.
18:47 of 3rd period - Shot Misses the Net.
18:49 of 3rd period - Snap shot by Josh Archibald.
18:49 of 3rd period - Stopped by Jaroslav Halak with a rebound.
18:51 of 3rd period - Snap shot by Josh Archibald.
18:51 of 3rd period - Shot Misses the Net.
19:05 of 3rd period - William Carrier is hit by Maxime Comtois and loses puck.
19:36 of 3rd period - Wrist shot by Anthony Richard.
19:36 of 3rd period - Stopped by Casey DeSmith with a rebound.
19:50 of 3rd period - Carson Soucy is hit by Robert Bortuzzo and loses puck.
Goals for this period are 0 for Tucson Roadrunners vs 1 for Newfoundland Shamrocks.
Shots for this period are 31 for Tucson Roadrunners vs 11 for Newfoundland Shamrocks.
Back to the Top